 Dungeon Crawl Stone Soup version 0.32-a0-450-g080537f31e (webtiles) character file.

Game seed: 8876307332420422547

0 javelincjr the Trooper (level 1, -3/18 HPs)
             Began as a Demonspawn Monk on Feb 23, 2024.
             Slain by a gnoll
             ... wielding a +0 spear
              (7 damage)
             ... on level 1 of the Dungeon.
             The game lasted 00:00:15 (43 turns).

javelincjr the Trooper (Demonspawn Monk)              Turns: 43, Time: 00:00:16

Health: -3/18      AC:  2    Str: 11    XL:     1   Next: 8%
Magic:  1/1        EV: 13    Int: 10    God:
Gold:   0          SH:  0    Dex: 15    Spells: 0/0 levels left

rFire   . . .        a - +0 hand axe
rCold   . . .        d - orb {light}
rNeg    . . .        b - +0 robe
rPois   .            (no helmet)
rElec   .            (no cloak)
rCorr   .            (no gloves)
SInv    .            (no boots)
Will    .....        (no amulet)
Stlth   +            (no ring)
HPRegen 0.23/turn    (no ring)
MPRegen 0.07/turn

%: no passive effects
@: glowing
A: no striking features
a: no special abilities


You were on level 1 of the Dungeon.
You visited 1 branch of the dungeon, and saw 1 of its levels.

Inventory:

Hand Weapons
 a - a +0 hand axe (weapon)
Armour
 b - a +0 robe (worn)
 d - an orb of light (worn)
Scrolls
 e - 2 scrolls of noise {unknown}
Potions
 c - a potion of ambrosia


   Skills:
 * Level 3.0 Fighting
 + Level 2.7 Axes
 + Level 0.0 Armour
 + Level 2.7 Dodging


You couldn't memorise any spells.
You didn't know any spells.
Your spell library was empty.

Dungeon Overview and Level Annotations

Branches:
Dungeon (1/15)

Altars:


Message History

The gnoll shouts!
A ball python comes into view.
Found a fizzy white potion.
Found a stone staircase leading down.
The ball python hisses angrily.
The ball python barely misses you. The ball python closely misses you.
You completely miss the ball python.
The ball python bites you but does no damage.
The ball python barely misses you.
A bat comes into view.
The gnoll closely misses you.
You hit the ball python but do no damage.
The ball python misses you. The ball python barely misses you.
The gnoll hits you from afar with a +0 spear.
The ball python bites you but does no damage.
The ball python closely misses you.
You barely miss the ball python. The bat closely misses you.
The gnoll hits you from afar with a +0 spear.
The ball python closely misses you. The ball python barely misses you.
You hit the ball python but do no damage.
You hit the bat. The bat hits you. The ball python barely misses you.
The ball python grabs you. The ball python constricts you.
The gnoll hits you from afar with a +0 spear.
You slash the ball python!
You kill the ball python!
You closely miss the bat. The bat closely misses you.
The bat barely misses you. The gnoll closely misses you.
The gnoll hits you from afar with a +0 spear.
You are too injured to fight recklessly!
You are too injured to fight recklessly!
Found a stone staircase leading down.
The bat hits you. The bat closely misses you. The gnoll closely misses you.
A goblin comes into view. It is wielding a +0 dagger.
You see here a ball python corpse.
You hit the gnoll but do no damage. You barely miss the bat.
The bat closely misses you. The gnoll hits you with a +0 spear.
* * * LOW HITPOINT WARNING * * *
You hit the gnoll.
The gnoll is moderately wounded.
The bat barely misses you. The gnoll hits you with a +0 spear!
You die...

#....# #......#
.......#
####.###
#.#....# #.#
#.#....# #.# #
.....# #.#
......# #.# #.#
######.######
#....b@.....#
#......g......#
...............
...............
...........>...
............!..
....g..........
.......>.......


You could see a gnoll, a goblin and a bat.

Vanquished Creatures
  A ball python (D:1)
1 creature vanquished.

Notes
Turn   | Place    | Note
-------+----------+-------------------------------------------
     0 | D:1      | javelincjr the Demonspawn Monk began the quest for the Orb.
     0 | D:1      | Reached XP level 1. HP: 18/18 MP: 1/1
    43 | D:1      | Slain by a gnoll

Illustrated notes

Levels and vault maps discovered:
D:1:      amcnicky_arrival_feature_with_door, layout_rooms, serial_shops,
          nicolae_shop_back_alley_shop

Action                     || total
---------------------------++-------
  Melee: Hand axe          ||     7
 Armour: Robe              ||    10
  Dodge: Dodged            ||    18

Table legend: (Time is in decaauts)
 A = Elapsed time spent in this place.
 B = Non-inter-level travel time spent in this place.
 C = Inter-level travel time spent in this place.
 D = Time resting spent in this place.
 E = Time spent auto-exploring this place.
 F = Levels seen in this place.
 G = Mean time per level.
                   A        B        C        D        E       F      G
               +--------+--------+--------+--------+--------+-----+--------+
         Total |     44 |     44 |      0 |      0 |     32 |   1 |   44.0 |
       Dungeon |     44 |     44 |      0 |      0 |     32 |   1 |   44.0 |
               +--------+--------+--------+--------+--------+-----+--------+

Top non-repeatable levels by time:
     D:1: 44 daAuts
